[ PARTIDA AOE2 · #469397685 ]
Team RMTeutones vs Persians
[ ANÁLISIS DE REPETICIÓN · EXTRAÍDO DE LA PARTIDA GRABADA ]
Feudal
13:35
Castillos
22:22
Imperial
44:55
| APM promedio | 17.4 |
| APM pico | 153 |
| eAPM promedio | 15.2 |
| Aldeanos / militares | 99 / 200 |
Foco
⚔️ 33.9% · 🌾 66.1%
Teutonic Knight ×74 · Spearman ×57 · Mangonel ×57 · Trade Cart ×13 · Monk ×11 · Unknown (1260) ×5
Feudal
—
Castillos
—
Imperial
—
| APM promedio | 12.2 |
| APM pico | 59 |
| eAPM promedio | 8.9 |
| Aldeanos / militares | 98 / 418 |
Foco
⚔️ 26.7% · 🌾 73.3%
Spearman ×210 · Knight ×106 · Scorpion ×65 · Trade Cart ×52 · Trebuchet (Packed) ×17 · Fishing Ship ×16
Feudal
11:27
Castillos
22:07
Imperial
46:58
| APM promedio | 8.8 |
| APM pico | 24 |
| eAPM promedio | 7.1 |
| Aldeanos / militares | 55 / 152 |
Foco
⚔️ 41.0% · 🌾 59.0%
Cavalry Archer ×73 · Longbowman ×46 · Archer ×31 · Trade Cart ×5 · Trebuchet (Packed) ×2
Feudal
15:26
Castillos
20:37
Imperial
36:25
| APM promedio | 12.5 |
| APM pico | 48 |
| eAPM promedio | 9.8 |
| Aldeanos / militares | 130 / 369 |
Foco
⚔️ 25.9% · 🌾 74.1%
Ballista Elephant ×294 · Skirmisher ×40 · Knight ×35 · Trade Cart ×9
Feudal
15:31
Castillos
22:47
Imperial
40:43
| APM promedio | 10.9 |
| APM pico | 37 |
| eAPM promedio | 9.9 |
| Aldeanos / militares | 197 / 372 |
Foco
⚔️ 28.3% · 🌾 71.7%
Tarkan ×346 · Scout Cavalry ×25 · Trade Cart ×10 · Monk ×1
Feudal
12:56
Castillos
28:51
Imperial
39:30
| APM promedio | 10.2 |
| APM pico | 27 |
| eAPM promedio | 9.0 |
| Aldeanos / militares | 117 / 640 |
Foco
⚔️ 36.5% · 🌾 63.5%
Spearman ×335 · Scout Cavalry ×305 · Trade Cart ×5
Feudal
15:45
Castillos
21:20
Imperial
35:35
| APM promedio | 8.2 |
| APM pico | 31 |
| eAPM promedio | 6.7 |
| Aldeanos / militares | 106 / 308 |
Foco
⚔️ 32.9% · 🌾 67.1%
Spearman ×264 · Throwing Axeman ×40 · Trade Cart ×6 · Trebuchet (Packed) ×3 · Monk ×1
Feudal
11:57
Castillos
16:12
Imperial
36:56
| APM promedio | 13.7 |
| APM pico | 46 |
| eAPM promedio | 10.1 |
| Aldeanos / militares | 158 / 350 |
Foco
⚔️ 29.5% · 🌾 70.5%
Camel Scout ×180 · War Elephant ×121 · Scorpion ×30 · Trade Cart ×23 · Bombard Cannon ×15 · Monk ×4
Mapa de la partida
Recursos al inicio + cada clic de construcción. Línea gruesa = muro · recuadro discontinuo = muro de casas detectado. 🟡 oro · ⚪ piedra · 🟢 bayas · 🔶 jabalí · ⭕ reliquia
Terreno con sombreado de elevación (luz NO: claro = ladera hacia el noroeste) · ⚠ = hueco de muro detectado
Inputs por minuto
— PhantomWolf - - Rdot_48em
Build order — PhantomWolf
Primeras 150 de 284 acciones detectadas
| 0:09 | Construir | House |
| 0:10 | Construir | House |
| 0:11 | Construir | House |
| 0:19 | Crear | Villager (Male) ×4 |
| 3:14 | Crear | Villager (Male) |
| 3:14 | Crear | Villager (Male) |
| 3:14 | Crear | Villager (Male) |
| 4:59 | Crear | Villager (Male) |
| 5:00 | Crear | Villager (Male) |
| 5:01 | Crear | Villager (Male) |
| 5:02 | Crear | Villager (Male) |
| 5:59 | Construir | Lumber Camp |
| 8:57 | Construir | Mill |
| 9:08 | Crear | Villager (Male) ×5 |
| 9:45 | Construir | Farm |
| 9:48 | Construir | Farm |
| 9:49 | Construir | Farm |
| 9:50 | Construir | Farm |
| 9:52 | Construir | Farm |
| 9:53 | Construir | Farm |
| 9:56 | Construir | Farm |
| 10:01 | Construir | Farm |
| 11:25 | Investigar | Feudal Age |
| 11:27 | Crear | Villager (Male) ×5 |
| 11:42 | Construir | Mining Camp |
| 13:35 | Edad | Edad Feudal |
| 13:53 | Construir | Market |
| 14:19 | Construir | House |
| 14:21 | Construir | House |
| 14:24 | Construir | House |
| 14:32 | Investigar | Horse Collar |
| 14:35 | Investigar | Double-Bit Axe |
| 15:08 | Construir | House |
| 15:11 | Construir | House |
| 15:13 | Construir | House |
| 15:18 | Construir | House |
| 15:31 | Construir | House |
| 15:32 | Construir | House |
| 15:34 | Construir | House |
| 15:46 | Construir | House |
| 15:47 | Construir | House |
| 15:51 | Construir | House |
| 16:10 | Investigar | Wheelbarrow |
| 16:33 | Construir | Blacksmith |
| 17:58 | Construir | House |
| 18:08 | Construir | Building 487 |
| 18:32 | Construir | Mining Camp |
| 18:47 | Construir | Building 487 |
| 18:57 | Construir | Stone Wall |
| 19:03 | Construir | Stone Wall |
| 19:10 | Construir | Building 490 |
| 19:35 | Investigar | Stone Mining |
| 19:42 | Investigar | Castle Age |
| 20:19 | Construir | Lumber Camp |
| 21:24 | Construir | Stone Wall |
| 21:37 | Construir | Stone Wall |
| 21:44 | Construir | Mining Camp |
| 22:14 | Crear | Villager (Male) ×5 |
| 22:22 | Edad | Edad de los Castillos |
| 22:28 | Investigar | Heavy Plow |
| 22:58 | Construir | Farm |
| 22:59 | Construir | Farm |
| 23:26 | Construir | Town Center |
| 24:15 | Investigar | Bow Saw |
| 24:48 | Construir | Farm |
| 25:29 | Crear | Trade Cart |
| 25:51 | Crear | Villager (Male) ×5 |
| 25:51 | Crear | Villager (Male) ×5 |
| 25:51 | Crear | Villager (Male) ×5 |
| 27:09 | Investigar | Hand Cart |
| 27:40 | Construir | Stone Wall |
| 27:59 | Construir | Stone Wall |
| 28:02 | Construir | Stone Wall |
| 28:03 | Construir | Stone Wall |
| 28:45 | Crear | Trade Cart |
| 28:46 | Crear | Trade Cart |
| 29:04 | Construir | Farm |
| 29:06 | Construir | Farm |
| 29:08 | Construir | Farm |
| 29:09 | Construir | Farm |
| 29:10 | Construir | Farm |
| 29:12 | Construir | Farm |
| 29:22 | Construir | Farm |
| 29:23 | Construir | Farm |
| 29:24 | Construir | Farm |
| 29:25 | Construir | Farm |
| 29:27 | Crear | Villager (Male) ×5 |
| 29:28 | Crear | Villager (Male) ×5 |
| 29:50 | Investigar | Gold Mining |
| 30:20 | Construir | Mining Camp |
| 30:39 | Construir | Lumber Camp |
| 30:47 | Construir | Barracks |
| 30:52 | Crear | Villager (Male) ×4 |
| 31:31 | Construir | Monastery |
| 31:37 | Crear | Villager (Male) ×4 |
| 31:54 | Crear | Monk |
| 32:21 | Construir | University |
| 32:44 | Construir | Building 487 |
| 32:51 | Construir | Stone Wall |
| 32:58 | Construir | Stone Wall |
| 33:04 | Construir | Stone Wall |
| 33:11 | Construir | Building 673 |
| 33:24 | Construir | Stone Wall |
| 33:32 | Construir | Farm |
| 33:40 | Investigar | Squires |
| 33:41 | Investigar | Pikeman (upgrade) |
| 33:42 | Crear | Spearman ×5 |
| 33:42 | Crear | Spearman ×5 |
| 33:42 | Crear | Spearman ×5 |
| 33:42 | Crear | Spearman ×3 |
| 34:19 | Investigar | Fervor |
| 34:52 | Construir | Farm |
| 35:11 | Investigar | Stone Shaft Mining |
| 35:21 | Crear | Villager (Male) ×5 |
| 35:46 | Construir | Building 487 |
| 35:54 | Construir | Stone Wall |
| 36:00 | Construir | Building 665 |
| 36:18 | Construir | Stone Wall |
| 36:45 | Construir | Castle |
| 37:08 | Construir | Siege Workshop |
| 37:16 | Construir | Archery Range |
| 37:20 | Construir | Archery Range |
| 37:25 | Construir | Barracks |
| 37:47 | Investigar | Caravan |
| 37:48 | Investigar | Coinage |
| 37:48 | Crear | Trade Cart ×5 |
| 37:49 | Crear | Trade Cart ×5 |
| 38:25 | Crear | Villager (Male) ×5 |
| 38:25 | Crear | Villager (Male) ×5 |
| 38:45 | Investigar | Fortified Wall (upgrade) |
| 38:46 | Investigar | Ballistics |
| 38:57 | Investigar | Ironclad |
| 38:58 | Crear | Teutonic Knight ×5 |
| 38:58 | Crear | Teutonic Knight ×2 |
| 38:58 | Crear | Teutonic Knight ×3 |
| 38:59 | Crear | Teutonic Knight |
| 41:03 | Construir | Market |
| 41:05 | Construir | Market |
| 41:18 | Construir | Town Center |
| 41:45 | Investigar | Imperial Age |
| 41:57 | Construir | House |
| 41:58 | Construir | House |
| 42:05 | Construir | House |
| 42:06 | Construir | House |
| 42:21 | Construir | Castle |
| 42:53 | Construir | Building 487 |
| 42:59 | Construir | Stone Wall |
| 43:04 | Construir | Stone Wall |
| 43:36 | Construir | Castle |
| 44:04 | Crear | Villager (Male) ×5 |
Build order — Rdot_48em
Primeras 150 de 337 acciones detectadas
| 0:04 | Crear | Villager (Male) |
| 0:04 | Crear | Villager (Male) |
| 0:05 | Crear | Villager (Male) |
| 0:05 | Crear | Villager (Male) |
| 0:16 | Construir | House |
| 0:22 | Construir | House |
| 0:25 | Construir | House |
| 1:56 | Crear | Villager (Male) |
| 2:17 | Crear | Villager (Male) |
| 2:52 | Crear | Villager (Male) |
| 3:43 | Crear | Villager (Male) |
| 3:44 | Crear | Villager (Male) |
| 4:23 | Crear | Villager (Male) |
| 4:23 | Crear | Villager (Male) |
| 5:20 | Construir | Lumber Camp |
| 5:23 | Crear | Villager (Male) |
| 5:49 | Construir | Mill |
| 5:53 | Crear | Villager (Male) |
| 5:54 | Crear | Villager (Male) |
| 6:05 | Crear | Villager (Male) |
| 6:26 | Crear | Villager (Male) |
| 6:26 | Crear | Villager (Male) |
| 6:45 | Construir | House |
| 6:48 | Construir | House |
| 7:37 | Construir | House |
| 8:26 | Crear | Villager (Male) |
| 8:26 | Crear | Villager (Male) |
| 8:58 | Investigar | Feudal Age |
| 11:37 | Construir | Town Center |
| 11:39 | Crear | Villager (Male) |
| 11:40 | Crear | Villager (Male) |
| 11:40 | Crear | Villager (Male) |
| 11:40 | Crear | Villager (Male) |
| 11:41 | Crear | Villager (Male) |
| 11:41 | Crear | Villager (Male) |
| 11:42 | Crear | Villager (Male) |
| 11:42 | Crear | Villager (Male) |
| 12:27 | Construir | Farm |
| 12:28 | Construir | Farm |
| 13:23 | Crear | Villager (Male) |
| 13:23 | Crear | Villager (Male) |
| 13:23 | Crear | Villager (Male) |
| 13:45 | Construir | Farm |
| 13:51 | Construir | Farm |
| 14:02 | Construir | Barracks |
| 14:06 | Crear | Villager (Male) |
| 14:24 | Construir | Farm |
| 14:30 | Construir | Farm |
| 14:53 | Construir | Farm |
| 14:54 | Crear | Villager (Male) |
| 15:10 | Construir | Farm |
| 15:51 | Crear | Villager (Male) |
| 15:52 | Crear | Villager (Male) |
| 15:57 | Construir | Farm |
| 16:01 | Construir | Farm |
| 16:08 | Construir | Stable |
| 16:18 | Crear | Villager (Male) |
| 16:26 | Construir | Farm |
| 16:34 | Crear | Villager (Male) |
| 16:41 | Construir | Farm |
| 16:59 | Crear | Villager (Male) |
| 17:02 | Crear | Villager (Male) |
| 17:09 | Construir | House |
| 17:12 | Construir | House |
| 17:14 | Construir | House |
| 17:16 | Construir | House |
| 17:17 | Construir | House |
| 17:25 | Construir | Farm |
| 17:32 | Construir | Stable |
| 17:34 | Construir | Stable |
| 17:38 | Construir | Stable |
| 17:41 | Construir | Stable |
| 17:55 | Crear | Villager (Male) |
| 17:55 | Crear | Villager (Male) |
| 17:57 | Crear | Villager (Male) |
| 18:30 | Construir | Farm |
| 18:37 | Investigar | Wheelbarrow |
| 18:44 | Construir | Farm |
| 19:10 | Construir | Farm |
| 19:14 | Investigar | Horse Collar |
| 19:15 | Crear | Villager (Male) |
| 19:17 | Crear | Villager (Male) |
| 19:18 | Crear | Villager (Male) |
| 19:47 | Construir | Mining Camp |
| 20:03 | Construir | Dock |
| 20:09 | Construir | Dock |
| 20:10 | Construir | Dock |
| 20:15 | Crear | Villager (Male) |
| 20:15 | Crear | Villager (Male) |
| 20:17 | Crear | Villager (Male) |
| 20:17 | Crear | Villager (Male) |
| 20:17 | Crear | Villager (Male) |
| 20:24 | Construir | Farm |
| 20:27 | Construir | Farm |
| 20:31 | Construir | House |
| 20:33 | Construir | House |
| 20:35 | Construir | House |
| 20:37 | Construir | House |
| 21:03 | Construir | Barracks |
| 21:21 | Construir | Farm |
| 21:28 | Construir | Farm |
| 21:56 | Construir | Market |
| 22:38 | Construir | Blacksmith |
| 23:00 | Construir | House |
| 23:02 | Construir | House |
| 23:05 | Construir | House |
| 23:28 | Investigar | Castle Age |
| 23:33 | Investigar | Scale Barding Armor |
| 23:42 | Construir | Barracks |
| 23:45 | Construir | Barracks |
| 23:52 | Crear | Villager (Male) |
| 23:52 | Crear | Villager (Male) |
| 23:53 | Crear | Villager (Male) |
| 23:53 | Crear | Villager (Male) |
| 23:53 | Crear | Villager (Male) |
| 24:03 | Crear | Fishing Ship |
| 24:42 | Crear | Fishing Ship ×3 |
| 24:56 | Crear | Trade Cart |
| 25:30 | Construir | Palisade Wall |
| 25:53 | Construir | Stable |
| 26:15 | Crear | Knight ×6 |
| 26:26 | Crear | Villager (Male) |
| 26:26 | Crear | Villager (Male) |
| 26:27 | Crear | Villager (Male) |
| 26:27 | Crear | Villager (Male) |
| 26:28 | Crear | Villager (Male) |
| 26:28 | Crear | Villager (Male) |
| 26:28 | Crear | Villager (Male) |
| 26:33 | Crear | Villager (Male) |
| 26:34 | Crear | Villager (Male) |
| 26:34 | Crear | Villager (Male) |
| 26:34 | Crear | Villager (Male) |
| 26:35 | Crear | Villager (Male) |
| 26:35 | Crear | Villager (Male) |
| 26:59 | Construir | Fish Trap |
| 27:01 | Construir | Fish Trap |
| 27:03 | Construir | Fish Trap |
| 27:04 | Construir | Fish Trap |
| 27:19 | Construir | Castle |
| 27:24 | Crear | Knight |
| 27:25 | Crear | Scout Cavalry |
| 27:41 | Crear | Villager (Male) |
| 27:42 | Crear | Villager (Male) |
| 27:43 | Crear | Villager (Male) |
| 27:43 | Crear | Villager (Male) |
| 27:44 | Crear | Villager (Male) |
| 27:44 | Crear | Villager (Male) |
| 28:02 | Construir | Mining Camp |
| 28:23 | Crear | Spearman ×11 |
| 28:34 | Construir | House |
Build order — PRAY
Primeras 150 de 330 acciones detectadas
| 0:07 | Construir | House |
| 0:11 | Construir | House |
| 0:18 | Construir | House |
| 0:38 | Crear | Villager (Male) |
| 0:39 | Crear | Villager (Male) |
| 0:39 | Crear | Villager (Male) |
| 0:39 | Crear | Villager (Male) |
| 0:39 | Crear | Villager (Male) |
| 1:56 | Crear | Villager (Male) |
| 2:09 | Construir | Lumber Camp |
| 2:53 | Crear | Villager (Male) |
| 2:55 | Investigar | Loom |
| 3:48 | Crear | Villager (Male) |
| 3:49 | Crear | Villager (Male) |
| 5:10 | Crear | Villager (Male) |
| 5:52 | Crear | Villager (Male) |
| 7:16 | Crear | Villager (Male) |
| 7:46 | Crear | Villager (Male) |
| 8:17 | Construir | Barracks |
| 9:17 | Investigar | Feudal Age |
| 9:32 | Construir | House |
| 9:35 | Construir | House |
| 10:21 | Construir | Mill |
| 10:40 | Construir | House |
| 11:27 | Edad | Edad Feudal |
| 11:28 | Investigar | Horse Collar |
| 11:33 | Investigar | Double-Bit Axe |
| 11:53 | Construir | Archery Range |
| 12:11 | Construir | Farm |
| 12:19 | Construir | Farm |
| 12:28 | Construir | Farm |
| 12:35 | Construir | Farm |
| 12:44 | Construir | Farm |
| 12:56 | Investigar | Wheelbarrow |
| 12:59 | Crear | Villager (Male) |
| 13:00 | Crear | Villager (Male) |
| 13:21 | Construir | House |
| 14:05 | Construir | Blacksmith |
| 14:57 | Construir | Farm |
| 15:03 | Construir | Farm |
| 15:33 | Construir | Mining Camp |
| 15:40 | Crear | Villager (Male) |
| 15:40 | Crear | Villager (Male) |
| 15:40 | Crear | Villager (Male) |
| 15:41 | Crear | Villager (Male) |
| 15:42 | Crear | Villager (Male) |
| 15:43 | Crear | Villager (Male) |
| 16:26 | Investigar | Gold Mining |
| 18:31 | Construir | Market |
| 18:58 | Construir | Archery Range |
| 19:27 | Investigar | Castle Age |
| 19:48 | Construir | Mining Camp |
| 20:39 | Construir | Lumber Camp |
| 20:52 | Construir | House |
| 20:57 | Construir | House |
| 21:00 | Construir | House |
| 21:05 | Construir | House |
| 21:33 | Investigar | Stone Mining |
| 21:49 | Crear | Archer |
| 21:49 | Crear | Archer |
| 21:49 | Crear | Archer |
| 21:49 | Crear | Archer |
| 21:50 | Crear | Archer |
| 21:50 | Crear | Archer |
| 22:07 | Edad | Edad de los Castillos |
| 22:14 | Construir | Siege Workshop |
| 22:55 | Crear | Archer |
| 22:55 | Crear | Archer |
| 22:55 | Crear | Archer |
| 22:55 | Crear | Archer |
| 22:56 | Crear | Archer |
| 22:56 | Crear | Archer |
| 22:56 | Crear | Archer |
| 22:57 | Crear | Archer |
| 23:50 | Construir | Monastery |
| 24:05 | Investigar | Crossbowman (upgrade) |
| 24:25 | Investigar | Fletching |
| 24:37 | Investigar | Bow Saw |
| 25:41 | Investigar | Hand Cart |
| 25:52 | Crear | Villager (Male) |
| 25:53 | Crear | Villager (Male) |
| 26:23 | Crear | Archer |
| 26:24 | Crear | Archer |
| 26:24 | Crear | Archer |
| 26:27 | Crear | Archer |
| 26:28 | Crear | Archer |
| 26:28 | Crear | Archer |
| 27:13 | Crear | Villager (Male) |
| 27:36 | Construir | Stable |
| 28:05 | Crear | Villager (Male) |
| 28:40 | Investigar | Padded Archer Armor |
| 28:58 | Construir | Town Center |
| 29:34 | Construir | University |
| 29:44 | Investigar | Gold Shaft Mining |
| 30:29 | Investigar | Town Watch |
| 30:57 | Crear | Villager (Male) |
| 30:57 | Crear | Villager (Male) |
| 31:19 | Construir | Farm |
| 31:24 | Crear | Villager (Male) |
| 31:24 | Crear | Villager (Male) |
| 31:55 | Crear | Villager (Male) |
| 32:12 | Construir | Farm |
| 33:15 | Crear | Villager (Male) |
| 33:15 | Crear | Villager (Male) |
| 33:15 | Crear | Villager (Male) |
| 33:44 | Crear | Villager (Male) |
| 33:44 | Crear | Villager (Male) |
| 33:45 | Crear | Villager (Male) |
| 33:57 | Construir | Castle |
| 34:17 | Construir | Farm |
| 34:50 | Construir | Farm |
| 34:56 | Crear | Villager (Male) |
| 34:56 | Crear | Villager (Male) |
| 34:57 | Crear | Villager (Male) |
| 35:20 | Construir | Watch Tower |
| 35:39 | Construir | Farm |
| 35:56 | Construir | Farm |
| 36:03 | Investigar | Bodkin Arrow |
| 36:07 | Crear | Archer |
| 36:07 | Crear | Archer |
| 36:07 | Crear | Archer |
| 36:11 | Crear | Archer |
| 36:11 | Crear | Archer |
| 36:12 | Crear | Archer |
| 36:12 | Crear | Archer |
| 36:30 | Construir | Farm |
| 36:50 | Construir | Farm |
| 37:10 | Construir | Archery Range |
| 37:12 | Construir | Archery Range |
| 37:13 | Construir | Archery Range |
| 37:25 | Crear | Longbowman |
| 37:25 | Crear | Longbowman |
| 37:26 | Crear | Longbowman |
| 37:26 | Crear | Longbowman |
| 37:26 | Crear | Longbowman |
| 37:27 | Crear | Longbowman |
| 37:27 | Crear | Longbowman |
| 37:27 | Crear | Longbowman |
| 37:27 | Crear | Longbowman |
| 37:27 | Crear | Longbowman |
| 37:28 | Crear | Longbowman |
| 37:29 | Crear | Longbowman |
| 37:39 | Investigar | Leather Archer Armor |
| 38:04 | Construir | House |
| 38:05 | Construir | House |
| 38:06 | Construir | House |
| 38:07 | Construir | House |
| 38:08 | Construir | House |
| 38:09 | Construir | House |
| 38:10 | Construir | House |
Build order — Just_chill
Primeras 150 de 425 acciones detectadas
| 0:06 | Crear | Villager (Male) |
| 0:06 | Crear | Villager (Male) |
| 0:06 | Crear | Villager (Male) |
| 0:14 | Construir | House |
| 0:18 | Construir | House |
| 1:23 | Crear | Villager (Male) |
| 1:43 | Crear | Villager (Male) |
| 2:26 | Construir | Lumber Camp |
| 2:29 | Crear | Villager (Male) |
| 3:29 | Crear | Villager (Male) |
| 4:13 | Crear | Villager (Male) |
| 4:24 | Crear | Villager (Male) |
| 4:58 | Crear | Villager (Male) |
| 5:10 | Construir | Mill |
| 5:22 | Crear | Villager (Male) |
| 5:52 | Crear | Villager (Male) |
| 6:35 | Crear | Villager (Male) |
| 6:41 | Construir | House |
| 6:45 | Construir | House |
| 7:59 | Crear | Villager (Male) |
| 8:30 | Crear | Villager (Male) |
| 8:41 | Crear | Villager (Male) |
| 8:42 | Investigar | Loom |
| 8:54 | Construir | Farm |
| 8:59 | Crear | Villager (Male) |
| 9:05 | Construir | Farm |
| 10:02 | Construir | Lumber Camp |
| 10:07 | Crear | Villager (Male) |
| 10:43 | Crear | Villager (Male) |
| 11:00 | Crear | Villager (Male) |
| 11:14 | Construir | House |
| 11:18 | Construir | House |
| 11:35 | Crear | Villager (Male) |
| 11:59 | Construir | Farm |
| 12:01 | Crear | Villager (Male) |
| 12:04 | Crear | Villager (Male) |
| 12:27 | Crear | Villager (Male) |
| 12:29 | Investigar | Feudal Age |
| 13:11 | Construir | Lumber Camp |
| 13:23 | Investigar | Loom |
| 14:05 | Construir | Farm |
| 14:14 | Construir | Farm |
| 14:18 | Construir | Farm |
| 14:22 | Construir | Farm |
| 14:35 | Construir | Farm |
| 14:49 | Construir | Farm |
| 14:50 | Construir | Farm |
| 14:53 | Construir | Farm |
| 15:04 | Construir | Farm |
| 15:10 | Construir | House |
| 15:13 | Construir | House |
| 15:23 | Crear | Villager (Male) |
| 15:26 | Edad | Edad Feudal |
| 15:29 | Investigar | Double-Bit Axe |
| 15:32 | Investigar | Horse Collar |
| 16:14 | Crear | Villager (Male) |
| 16:26 | Crear | Villager (Male) |
| 16:45 | Crear | Villager (Male) |
| 17:10 | Crear | Villager (Male) |
| 17:57 | Investigar | Castle Age |
| 18:24 | Construir | Lumber Camp |
| 19:06 | Construir | Blacksmith |
| 20:06 | Crear | Villager (Male) |
| 20:07 | Crear | Villager (Male) |
| 20:07 | Crear | Villager (Male) |
| 20:11 | Crear | Villager (Male) |
| 20:37 | Edad | Edad de los Castillos |
| 20:40 | Construir | Town Center |
| 21:25 | Construir | House |
| 21:27 | Construir | House |
| 21:30 | Construir | House |
| 21:34 | Construir | House |
| 21:42 | Crear | Villager (Male) |
| 21:43 | Crear | Villager (Male) |
| 21:50 | Construir | Farm |
| 22:04 | Crear | Villager (Male) |
| 22:47 | Crear | Villager (Male) |
| 22:47 | Crear | Villager (Male) |
| 22:47 | Crear | Villager (Male) |
| 22:48 | Crear | Villager (Male) |
| 22:48 | Crear | Villager (Male) |
| 22:48 | Crear | Villager (Male) |
| 22:48 | Crear | Villager (Male) |
| 22:52 | Construir | Farm |
| 22:53 | Construir | Farm |
| 22:53 | Construir | Farm |
| 22:53 | Construir | Farm |
| 22:54 | Construir | Farm |
| 23:02 | Crear | Villager (Male) |
| 23:04 | Crear | Villager (Male) |
| 23:04 | Crear | Villager (Male) |
| 23:13 | Investigar | Scale Barding Armor |
| 23:15 | Investigar | Padded Archer Armor |
| 23:16 | Investigar | Fletching |
| 23:37 | Construir | Town Center |
| 23:58 | Crear | Villager (Male) |
| 23:58 | Crear | Villager (Male) |
| 24:02 | Crear | Villager (Male) |
| 24:02 | Crear | Villager (Male) |
| 24:36 | Crear | Villager (Male) |
| 24:36 | Crear | Villager (Male) |
| 24:37 | Crear | Villager (Male) |
| 25:04 | Investigar | Heavy Plow |
| 25:11 | Investigar | Bow Saw |
| 25:46 | Construir | Stable |
| 25:51 | Construir | Stable |
| 26:17 | Crear | Villager (Male) |
| 26:17 | Crear | Villager (Male) |
| 26:17 | Crear | Villager (Male) |
| 26:18 | Crear | Villager (Male) |
| 26:18 | Crear | Villager (Male) |
| 26:19 | Crear | Villager (Male) |
| 26:29 | Crear | Villager (Male) |
| 26:29 | Crear | Villager (Male) |
| 26:37 | Construir | House |
| 26:42 | Construir | House |
| 26:42 | Construir | House |
| 26:43 | Construir | House |
| 26:43 | Construir | House |
| 26:43 | Construir | House |
| 26:45 | Construir | House |
| 26:45 | Construir | House |
| 26:46 | Construir | House |
| 26:47 | Construir | House |
| 26:47 | Construir | House |
| 26:48 | Construir | House |
| 26:55 | Construir | Farm |
| 26:55 | Construir | Farm |
| 26:56 | Construir | Farm |
| 26:56 | Construir | Farm |
| 26:56 | Construir | Farm |
| 26:57 | Construir | Farm |
| 26:57 | Construir | Farm |
| 26:57 | Construir | Farm |
| 26:58 | Construir | Farm |
| 26:58 | Construir | Farm |
| 26:58 | Construir | Farm |
| 27:38 | Construir | Farm |
| 27:42 | Crear | Villager (Male) |
| 27:54 | Construir | House |
| 27:57 | Construir | House |
| 28:10 | Construir | House |
| 28:14 | Construir | House |
| 28:16 | Construir | House |
| 28:20 | Construir | House |
| 28:23 | Construir | House |
| 28:27 | Construir | House |
| 28:34 | Construir | House |
| 28:44 | Crear | Villager (Male) |
| 28:44 | Crear | Villager (Male) |
Build order — Dave
Primeras 150 de 396 acciones detectadas
| 0:01 | Crear | Villager (Male) |
| 0:01 | Crear | Villager (Male) |
| 0:01 | Crear | Villager (Male) |
| 0:02 | Crear | Villager (Male) |
| 1:18 | Crear | Villager (Male) |
| 1:55 | Crear | Villager (Male) |
| 2:30 | Crear | Villager (Male) |
| 2:43 | Crear | Villager (Male) |
| 3:08 | Crear | Villager (Male) |
| 3:29 | Crear | Villager (Male) |
| 3:44 | Crear | Villager (Male) |
| 3:45 | Crear | Villager (Male) |
| 4:02 | Crear | Villager (Male) |
| 4:03 | Crear | Villager (Male) |
| 4:52 | Crear | Villager (Male) |
| 4:53 | Crear | Villager (Male) |
| 4:53 | Crear | Villager (Male) |
| 5:40 | Crear | Villager (Male) |
| 5:40 | Crear | Villager (Male) |
| 6:40 | Crear | Villager (Male) ×5 |
| 6:56 | Crear | Villager (Male) ×2 |
| 8:52 | Crear | Villager (Male) |
| 8:52 | Crear | Villager (Male) |
| 8:52 | Crear | Villager (Male) |
| 8:52 | Crear | Villager (Male) |
| 8:53 | Crear | Villager (Male) |
| 8:53 | Crear | Villager (Male) |
| 8:53 | Crear | Villager (Male) |
| 10:05 | Construir | Mill |
| 10:11 | Construir | Lumber Camp |
| 10:17 | Crear | Villager (Male) ×5 |
| 10:32 | Construir | Farm |
| 10:36 | Construir | Farm |
| 10:39 | Construir | Farm |
| 11:03 | Construir | Farm |
| 11:06 | Construir | Farm |
| 11:09 | Construir | Farm |
| 11:12 | Construir | Farm |
| 11:19 | Construir | Farm |
| 11:24 | Construir | Farm |
| 12:05 | Construir | Farm |
| 12:11 | Construir | Farm |
| 12:18 | Construir | Farm |
| 12:25 | Construir | Farm |
| 12:39 | Crear | Villager (Male) |
| 13:15 | Investigar | Feudal Age |
| 14:38 | Crear | Villager (Male) |
| 15:31 | Edad | Edad Feudal |
| 15:35 | Investigar | Wheelbarrow |
| 15:41 | Investigar | Double-Bit Axe |
| 15:56 | Construir | Blacksmith |
| 16:04 | Construir | Barracks |
| 16:57 | Construir | Stable |
| 17:36 | Crear | Villager (Male) |
| 17:37 | Crear | Villager (Male) |
| 17:38 | Crear | Villager (Male) |
| 17:39 | Crear | Villager (Male) |
| 17:39 | Crear | Villager (Male) |
| 17:39 | Crear | Villager (Male) |
| 17:40 | Crear | Villager (Male) |
| 17:52 | Construir | Mining Camp |
| 19:52 | Investigar | Castle Age |
| 20:00 | Construir | Farm |
| 21:38 | Investigar | Horse Collar |
| 21:44 | Investigar | Scale Barding Armor |
| 22:47 | Edad | Edad de los Castillos |
| 22:51 | Crear | Villager (Male) |
| 22:56 | Investigar | Hand Cart |
| 23:16 | Construir | Town Center |
| 23:18 | Construir | Town Center |
| 23:33 | Crear | Villager (Male) ×5 |
| 23:57 | Crear | Villager (Male) |
| 23:58 | Crear | Villager (Male) |
| 23:58 | Crear | Villager (Male) |
| 24:00 | Crear | Villager (Male) |
| 24:28 | Construir | Farm |
| 24:39 | Crear | Villager (Male) ×5 |
| 24:40 | Crear | Villager (Male) |
| 24:41 | Crear | Villager (Male) |
| 24:42 | Crear | Villager (Male) |
| 24:43 | Crear | Villager (Male) |
| 24:44 | Crear | Villager (Male) |
| 24:44 | Crear | Villager (Male) |
| 24:44 | Crear | Villager (Male) |
| 24:45 | Crear | Villager (Male) |
| 24:45 | Crear | Villager (Male) |
| 24:45 | Crear | Villager (Male) |
| 24:46 | Crear | Villager (Male) |
| 24:46 | Crear | Villager (Male) |
| 25:00 | Investigar | Light Cavalry (upgrade) |
| 25:08 | Investigar | Stone Mining |
| 25:12 | Investigar | Heavy Plow |
| 25:17 | Investigar | Bow Saw |
| 25:24 | Construir | Farm |
| 25:34 | Construir | Farm |
| 25:48 | Construir | Town Center |
| 26:07 | Crear | Villager (Male) |
| 26:08 | Crear | Villager (Male) |
| 26:09 | Crear | Villager (Male) |
| 26:31 | Construir | Farm |
| 27:09 | Crear | Villager (Male) ×5 |
| 27:23 | Construir | Town Center |
| 27:33 | Crear | Villager (Male) |
| 27:34 | Crear | Villager (Male) |
| 27:35 | Crear | Villager (Male) |
| 27:35 | Crear | Villager (Male) |
| 27:36 | Crear | Villager (Male) |
| 27:36 | Crear | Villager (Male) |
| 27:37 | Crear | Villager (Male) |
| 27:37 | Crear | Villager (Male) |
| 27:37 | Crear | Villager (Male) |
| 27:38 | Crear | Villager (Male) |
| 28:11 | Construir | Town Center |
| 28:21 | Crear | Villager (Male) ×5 |
| 28:32 | Crear | Villager (Male) |
| 28:38 | Crear | Villager (Male) |
| 28:38 | Crear | Villager (Male) |
| 28:40 | Crear | Villager (Male) |
| 28:40 | Crear | Villager (Male) |
| 28:54 | Construir | Mining Camp |
| 28:58 | Construir | Farm |
| 29:07 | Construir | Farm |
| 29:11 | Construir | Farm |
| 29:15 | Construir | Farm |
| 29:40 | Crear | Villager (Male) |
| 29:41 | Crear | Villager (Male) |
| 29:42 | Crear | Villager (Male) |
| 29:43 | Crear | Villager (Male) |
| 29:43 | Crear | Villager (Male) |
| 29:45 | Crear | Villager (Male) |
| 29:45 | Crear | Villager (Male) |
| 29:45 | Crear | Villager (Male) |
| 29:47 | Crear | Villager (Male) |
| 30:20 | Construir | Town Center |
| 30:24 | Crear | Villager (Male) |
| 30:25 | Crear | Villager (Male) |
| 30:26 | Crear | Villager (Male) |
| 30:26 | Crear | Villager (Male) |
| 30:28 | Crear | Villager (Male) |
| 30:29 | Crear | Villager (Male) |
| 30:31 | Crear | Villager (Male) |
| 30:43 | Construir | Castle |
| 30:57 | Construir | Mining Camp |
| 31:01 | Construir | Farm |
| 31:15 | Construir | Market |
| 31:17 | Construir | Market |
| 31:20 | Construir | Market |
| 31:25 | Construir | Farm |
| 31:31 | Investigar | Town Watch |
| 31:33 | Crear | Villager (Male) |
Build order — Naughty Grandpa
Primeras 150 de 437 acciones detectadas
| 0:05 | Construir | House |
| 0:08 | Construir | House |
| 0:29 | Crear | Villager (Male) |
| 0:29 | Crear | Villager (Male) |
| 0:30 | Crear | Villager (Male) |
| 0:30 | Crear | Villager (Male) |
| 0:30 | Crear | Villager (Male) |
| 0:31 | Crear | Villager (Male) |
| 1:17 | Investigar | Loom |
| 2:51 | Construir | Lumber Camp |
| 2:59 | Crear | Villager (Male) |
| 2:59 | Crear | Villager (Male) |
| 3:00 | Crear | Villager (Male) |
| 5:06 | Crear | Villager (Male) |
| 5:06 | Crear | Villager (Male) |
| 5:07 | Crear | Villager (Male) |
| 5:07 | Crear | Villager (Male) |
| 5:07 | Crear | Villager (Male) |
| 5:46 | Construir | Mill |
| 5:51 | Crear | Villager (Male) |
| 5:51 | Crear | Villager (Male) |
| 5:52 | Crear | Villager (Male) |
| 7:03 | Construir | Farm |
| 7:06 | Construir | Farm |
| 7:14 | Crear | Villager (Male) |
| 7:14 | Crear | Villager (Male) |
| 7:15 | Crear | Villager (Male) |
| 7:22 | Construir | House |
| 7:24 | Construir | House |
| 8:25 | Construir | House |
| 8:54 | Construir | Farm |
| 9:02 | Construir | Farm |
| 9:21 | Construir | Farm |
| 9:55 | Construir | Farm |
| 10:23 | Investigar | Feudal Age |
| 10:24 | Crear | Villager (Male) |
| 10:24 | Crear | Villager (Male) |
| 11:03 | Construir | Mining Camp |
| 12:56 | Edad | Edad Feudal |
| 12:58 | Crear | Villager (Male) |
| 12:58 | Crear | Villager (Male) |
| 12:58 | Crear | Villager (Male) |
| 12:59 | Crear | Villager (Male) |
| 12:59 | Crear | Villager (Male) |
| 12:59 | Crear | Villager (Male) |
| 13:00 | Crear | Villager (Male) |
| 13:14 | Investigar | Double-Bit Axe |
| 13:19 | Investigar | Horse Collar |
| 13:32 | Construir | Farm |
| 13:59 | Construir | Farm |
| 14:14 | Crear | Villager (Male) |
| 14:15 | Crear | Villager (Male) |
| 14:15 | Crear | Villager (Male) |
| 14:22 | Construir | Farm |
| 14:28 | Investigar | Wheelbarrow |
| 14:49 | Construir | Farm |
| 14:57 | Investigar | Gold Mining |
| 15:10 | Construir | Farm |
| 16:08 | Construir | House |
| 16:11 | Construir | House |
| 16:13 | Construir | House |
| 16:27 | Construir | Farm |
| 16:48 | Crear | Villager (Male) |
| 16:48 | Crear | Villager (Male) |
| 16:49 | Crear | Villager (Male) |
| 16:49 | Crear | Villager (Male) |
| 16:49 | Crear | Villager (Male) |
| 16:50 | Crear | Villager (Male) |
| 16:50 | Crear | Villager (Male) |
| 17:46 | Construir | Blacksmith |
| 18:05 | Construir | Mill |
| 18:20 | Construir | Farm |
| 18:47 | Crear | Villager (Male) |
| 18:48 | Crear | Villager (Male) |
| 18:48 | Crear | Villager (Male) |
| 19:01 | Construir | Farm |
| 19:34 | Construir | Farm |
| 19:44 | Construir | Farm |
| 20:06 | Construir | Farm |
| 20:41 | Construir | Barracks |
| 21:11 | Construir | Farm |
| 21:27 | Construir | Mill |
| 21:40 | Crear | Villager (Male) |
| 21:40 | Crear | Villager (Male) |
| 21:51 | Construir | Farm |
| 21:59 | Crear | Villager (Male) |
| 22:00 | Crear | Villager (Male) |
| 22:00 | Crear | Villager (Male) |
| 22:13 | Construir | Lumber Camp |
| 22:25 | Construir | Farm |
| 22:39 | Construir | Farm |
| 23:29 | Construir | Stable |
| 23:48 | Construir | Farm |
| 24:12 | Construir | Farm |
| 24:21 | Construir | House |
| 24:23 | Construir | House |
| 24:25 | Construir | House |
| 24:27 | Construir | House |
| 24:30 | Construir | House |
| 24:34 | Construir | House |
| 24:50 | Investigar | Castle Age |
| 25:18 | Investigar | Scale Barding Armor |
| 25:19 | Investigar | Scale Mail Armor |
| 25:20 | Investigar | Forging |
| 25:37 | Investigar | Bloodlines |
| 25:41 | Investigar | Arson |
| 26:18 | Construir | Barracks |
| 26:22 | Construir | Barracks |
| 26:25 | Construir | Barracks |
| 26:32 | Crear | Spearman |
| 26:32 | Crear | Spearman |
| 26:33 | Crear | Spearman |
| 26:33 | Crear | Spearman |
| 26:33 | Crear | Spearman |
| 26:34 | Crear | Spearman |
| 28:01 | Construir | House |
| 28:03 | Construir | House |
| 28:05 | Construir | House |
| 28:07 | Construir | House |
| 28:10 | Construir | House |
| 28:47 | Crear | Scout Cavalry |
| 28:47 | Crear | Scout Cavalry |
| 28:47 | Crear | Scout Cavalry |
| 28:48 | Crear | Scout Cavalry |
| 28:48 | Crear | Scout Cavalry |
| 28:48 | Crear | Scout Cavalry |
| 28:49 | Crear | Scout Cavalry |
| 28:51 | Edad | Edad de los Castillos |
| 28:58 | Crear | Villager (Male) |
| 28:58 | Crear | Villager (Male) |
| 28:58 | Crear | Villager (Male) |
| 28:58 | Crear | Villager (Male) |
| 28:59 | Crear | Villager (Male) |
| 28:59 | Crear | Villager (Male) |
| 28:59 | Crear | Villager (Male) |
| 29:00 | Crear | Villager (Male) |
| 29:33 | Construir | Town Center |
| 29:44 | Construir | Farm |
| 29:57 | Construir | Farm |
| 30:01 | Investigar | Heavy Plow |
| 30:07 | Investigar | Bow Saw |
| 30:27 | Construir | University |
| 30:37 | Construir | Farm |
| 30:54 | Construir | Farm |
| 32:40 | Construir | Mill |
| 32:47 | Crear | Villager (Male) |
| 32:47 | Crear | Villager (Male) |
| 32:47 | Crear | Villager (Male) |
| 32:48 | Crear | Villager (Male) |
| 32:48 | Crear | Villager (Male) |
Build order — ajax
Primeras 150 de 327 acciones detectadas
| 0:07 | Construir | House |
| 0:13 | Construir | House |
| 0:15 | Crear | Villager (Male) |
| 0:15 | Crear | Villager (Male) |
| 0:16 | Crear | Villager (Male) |
| 0:16 | Crear | Villager (Male) |
| 1:59 | Crear | Villager (Male) |
| 2:26 | Crear | Villager (Male) |
| 3:00 | Crear | Villager (Male) |
| 3:16 | Crear | Villager (Male) |
| 3:35 | Construir | Lumber Camp |
| 3:41 | Crear | Villager (Male) |
| 3:42 | Crear | Villager (Male) |
| 3:42 | Crear | Villager (Male) |
| 4:04 | Crear | Villager (Male) |
| 4:04 | Crear | Villager (Male) |
| 4:35 | Crear | Villager (Male) |
| 5:03 | Crear | Villager (Male) |
| 5:03 | Crear | Villager (Male) |
| 5:12 | Construir | House |
| 5:17 | Construir | House |
| 5:39 | Crear | Villager (Male) |
| 5:40 | Crear | Villager (Male) |
| 6:04 | Crear | Villager (Male) |
| 6:04 | Crear | Villager (Male) |
| 6:19 | Construir | Mill |
| 6:28 | Crear | Villager (Male) |
| 6:37 | Crear | Villager (Male) |
| 7:23 | Crear | Villager (Male) |
| 7:23 | Crear | Villager (Male) |
| 7:58 | Construir | House |
| 8:10 | Construir | Mining Camp |
| 8:45 | Crear | Villager (Male) |
| 8:46 | Crear | Villager (Male) |
| 9:31 | Crear | Villager (Male) |
| 9:32 | Crear | Villager (Male) |
| 9:32 | Crear | Villager (Male) |
| 9:32 | Crear | Villager (Male) |
| 9:32 | Crear | Villager (Male) |
| 10:16 | Crear | Villager (Male) |
| 10:16 | Crear | Villager (Male) |
| 10:54 | Construir | House |
| 11:12 | Construir | Farm |
| 11:13 | Construir | Farm |
| 11:14 | Construir | Farm |
| 11:15 | Construir | Farm |
| 11:17 | Construir | Farm |
| 11:18 | Construir | Farm |
| 11:19 | Construir | Farm |
| 11:21 | Construir | Farm |
| 11:22 | Construir | Farm |
| 11:54 | Crear | Villager (Male) |
| 11:55 | Crear | Villager (Male) |
| 11:55 | Crear | Villager (Male) |
| 11:55 | Crear | Villager (Male) |
| 12:10 | Construir | Lumber Camp |
| 12:31 | Construir | Mining Camp |
| 12:41 | Construir | House |
| 12:55 | Construir | House |
| 13:28 | Investigar | Feudal Age |
| 13:35 | Crear | Villager (Male) |
| 13:35 | Crear | Villager (Male) |
| 14:03 | Crear | Villager (Male) |
| 14:03 | Crear | Villager (Male) |
| 14:03 | Crear | Villager (Male) |
| 14:13 | Crear | Villager (Male) |
| 14:34 | Crear | Villager (Male) |
| 14:35 | Crear | Villager (Male) |
| 15:13 | Construir | Farm |
| 15:38 | Construir | Barracks |
| 15:45 | Edad | Edad Feudal |
| 15:49 | Construir | Farm |
| 15:58 | Construir | Farm |
| 16:46 | Construir | Blacksmith |
| 17:07 | Construir | Market |
| 17:47 | Crear | Villager (Male) |
| 18:03 | Construir | House |
| 18:33 | Investigar | Castle Age |
| 18:36 | Crear | Villager (Male) |
| 18:37 | Crear | Villager (Male) |
| 18:37 | Crear | Villager (Male) |
| 19:13 | Crear | Villager (Male) |
| 19:24 | Crear | Villager (Male) |
| 19:24 | Crear | Villager (Male) |
| 19:25 | Crear | Villager (Male) |
| 19:25 | Crear | Villager (Male) |
| 19:25 | Crear | Villager (Male) |
| 19:26 | Crear | Villager (Male) |
| 19:35 | Crear | Spearman |
| 19:36 | Crear | Spearman |
| 19:57 | Crear | Villager (Male) |
| 19:57 | Crear | Villager (Male) |
| 19:57 | Crear | Villager (Male) |
| 20:08 | Crear | Spearman |
| 21:14 | Crear | Spearman |
| 21:14 | Crear | Spearman |
| 21:14 | Crear | Spearman |
| 21:14 | Crear | Spearman |
| 21:15 | Crear | Spearman |
| 21:20 | Edad | Edad de los Castillos |
| 21:26 | Crear | Villager (Male) |
| 21:26 | Crear | Villager (Male) |
| 21:26 | Crear | Villager (Male) |
| 21:48 | Construir | Castle |
| 22:16 | Construir | Lumber Camp |
| 23:03 | Investigar | Scale Mail Armor |
| 23:05 | Investigar | Forging |
| 23:16 | Construir | Monastery |
| 23:24 | Crear | Villager (Male) ×3 |
| 23:55 | Crear | Villager (Male) |
| 23:55 | Crear | Villager (Male) |
| 23:55 | Crear | Villager (Male) |
| 24:24 | Construir | Lumber Camp |
| 25:11 | Crear | Villager (Male) ×5 |
| 25:12 | Crear | Villager (Male) |
| 25:28 | Construir | Town Center |
| 25:49 | Crear | Villager (Male) |
| 25:50 | Crear | Villager (Male) |
| 26:05 | Investigar | Pikeman (upgrade) |
| 26:06 | Investigar | Squires |
| 26:08 | Crear | Spearman |
| 26:08 | Crear | Spearman |
| 27:01 | Crear | Villager (Male) |
| 27:01 | Crear | Villager (Male) |
| 27:02 | Crear | Villager (Male) |
| 27:02 | Crear | Villager (Male) |
| 28:13 | Construir | Stone Wall |
| 28:26 | Crear | Villager (Male) ×5 |
| 28:27 | Crear | Villager (Male) ×2 |
| 28:27 | Crear | Villager (Male) ×2 |
| 29:36 | Construir | Castle |
| 30:09 | Construir | House |
| 30:14 | Construir | House |
| 30:16 | Construir | House |
| 30:18 | Construir | House |
| 30:20 | Construir | House |
| 30:38 | Crear | Monk |
| 31:15 | Construir | University |
| 31:31 | Crear | Villager (Male) |
| 31:31 | Crear | Villager (Male) |
| 31:32 | Crear | Villager (Male) |
| 31:32 | Crear | Villager (Male) |
| 31:32 | Crear | Villager (Male) |
| 31:33 | Crear | Villager (Male) |
| 31:54 | Construir | Farm |
| 31:55 | Construir | Farm |
| 31:55 | Construir | Farm |
| 31:56 | Construir | Farm |
| 31:57 | Construir | Farm |
| 31:58 | Construir | Farm |
Build order — Just_jawad
Primeras 150 de 373 acciones detectadas
| 0:02 | Investigar | Loom |
| 0:02 | Crear | Villager (Male) |
| 0:03 | Crear | Villager (Male) |
| 0:03 | Crear | Villager (Male) |
| 0:05 | Construir | House |
| 0:07 | Construir | House |
| 0:10 | Crear | Villager (Male) |
| 0:10 | Crear | Villager (Male) |
| 0:11 | Crear | Villager (Male) |
| 1:48 | Crear | Villager (Male) |
| 2:22 | Construir | Lumber Camp |
| 2:30 | Crear | Villager (Male) |
| 2:30 | Crear | Villager (Male) |
| 2:30 | Crear | Villager (Male) |
| 2:58 | Crear | Villager (Male) |
| 2:59 | Crear | Villager (Male) |
| 2:59 | Crear | Villager (Male) |
| 3:36 | Crear | Villager (Male) |
| 3:37 | Crear | Villager (Male) |
| 3:37 | Crear | Villager (Male) |
| 3:42 | Construir | House |
| 3:44 | Construir | House |
| 4:23 | Construir | Mill |
| 4:24 | Crear | Villager (Male) |
| 4:25 | Crear | Villager (Male) |
| 5:23 | Crear | Villager (Male) |
| 5:24 | Crear | Villager (Male) |
| 5:24 | Crear | Villager (Male) |
| 6:01 | Crear | Villager (Male) |
| 6:19 | Crear | Villager (Male) |
| 6:52 | Crear | Villager (Male) |
| 6:53 | Crear | Villager (Male) |
| 6:53 | Crear | Villager (Male) |
| 6:53 | Crear | Villager (Male) |
| 8:08 | Construir | House |
| 8:09 | Construir | House |
| 8:38 | Crear | Villager (Male) |
| 8:42 | Construir | Farm |
| 8:42 | Construir | Farm |
| 8:43 | Construir | Farm |
| 8:44 | Construir | Farm |
| 8:46 | Construir | Farm |
| 9:06 | Crear | Villager (Male) |
| 9:13 | Construir | Mining Camp |
| 9:20 | Crear | Villager (Male) |
| 9:49 | Investigar | Feudal Age |
| 10:41 | Construir | Lumber Camp |
| 11:57 | Edad | Edad Feudal |
| 12:03 | Crear | Villager (Male) |
| 12:05 | Crear | Villager (Male) |
| 12:11 | Construir | Market |
| 12:46 | Construir | Blacksmith |
| 12:51 | Crear | Villager (Male) |
| 13:03 | Construir | Farm |
| 13:18 | Construir | Farm |
| 13:46 | Investigar | Castle Age |
| 13:52 | Construir | House |
| 13:53 | Construir | House |
| 14:12 | Investigar | Double-Bit Axe |
| 14:18 | Construir | Farm |
| 14:23 | Construir | Farm |
| 14:32 | Investigar | Horse Collar |
| 14:40 | Construir | Farm |
| 15:03 | Construir | Farm |
| 16:12 | Edad | Edad de los Castillos |
| 16:15 | Investigar | Bow Saw |
| 16:17 | Investigar | Heavy Plow |
| 16:33 | Construir | Town Center |
| 16:44 | Crear | Villager (Male) |
| 16:49 | Investigar | Wheelbarrow |
| 17:35 | Crear | Villager (Male) |
| 17:38 | Investigar | Stone Mining |
| 18:06 | Crear | Villager (Male) |
| 18:17 | Crear | Villager (Male) ×2 |
| 18:27 | Construir | Farm |
| 19:02 | Construir | Farm |
| 19:03 | Construir | Farm |
| 19:05 | Crear | Villager (Male) |
| 19:07 | Crear | Villager (Male) ×2 |
| 19:12 | Construir | Farm |
| 19:14 | Crear | Villager (Male) |
| 19:40 | Crear | Villager (Male) ×2 |
| 19:53 | Construir | Town Center |
| 20:28 | Construir | Monastery |
| 20:40 | Crear | Villager (Male) ×5 |
| 21:09 | Crear | Villager (Male) ×4 |
| 21:17 | Construir | Lumber Camp |
| 21:22 | Crear | Monk |
| 21:31 | Crear | Monk |
| 21:43 | Crear | Villager (Male) ×3 |
| 21:51 | Construir | Farm |
| 21:51 | Construir | Farm |
| 21:51 | Construir | Farm |
| 21:54 | Construir | Farm |
| 21:59 | Crear | Villager (Male) ×2 |
| 22:23 | Construir | House |
| 22:25 | Construir | House |
| 22:26 | Construir | House |
| 22:28 | Construir | House |
| 22:30 | Construir | House |
| 22:50 | Crear | Villager (Male) ×5 |
| 22:55 | Construir | House |
| 22:58 | Construir | House |
| 23:10 | Crear | Villager (Male) ×3 |
| 23:21 | Construir | House |
| 23:29 | Crear | Villager (Male) ×3 |
| 23:34 | Construir | Farm |
| 23:44 | Construir | Farm |
| 23:50 | Construir | Mining Camp |
| 24:05 | Crear | Villager (Male) ×5 |
| 24:18 | Construir | House |
| 24:19 | Construir | House |
| 24:20 | Construir | House |
| 24:20 | Construir | House |
| 24:36 | Crear | Monk |
| 24:55 | Construir | Mining Camp |
| 24:57 | Investigar | Hand Cart |
| 25:00 | Crear | Villager (Male) |
| 25:16 | Construir | Mill |
| 25:16 | Construir | Farm |
| 25:16 | Construir | Farm |
| 25:17 | Construir | Farm |
| 25:30 | Crear | Monk |
| 25:35 | Investigar | Stone Shaft Mining |
| 25:49 | Crear | Villager (Male) ×4 |
| 26:01 | Crear | Villager (Male) |
| 27:02 | Crear | Villager (Male) ×5 |
| 27:10 | Construir | Stone Wall |
| 27:22 | Construir | Stone Wall |
| 27:26 | Crear | Villager (Male) ×5 |
| 27:43 | Crear | Villager (Male) ×5 |
| 28:02 | Construir | Town Center |
| 28:07 | Crear | Villager (Male) ×4 |
| 28:18 | Construir | University |
| 28:24 | Construir | Lumber Camp |
| 28:30 | Construir | Lumber Camp |
| 28:33 | Investigar | Gold Mining |
| 28:51 | Construir | Castle |
| 29:05 | Investigar | Scale Barding Armor |
| 29:15 | Construir | Farm |
| 29:15 | Construir | Farm |
| 29:15 | Construir | Farm |
| 29:18 | Crear | Villager (Male) ×5 |
| 29:24 | Construir | House |
| 29:26 | Construir | House |
| 29:27 | Construir | House |
| 29:29 | Construir | House |
| 29:31 | Construir | House |
| 29:32 | Construir | House |
| 29:33 | Construir | House |
Cronología de la partida
| 8:17 | PRAY · first_building Barracks |
| 11:27 | PRAY · age_up feudal |
| 11:53 | PRAY · first_building Archery Range |
| 11:57 | Just_jawad · age_up feudal |
| 12:56 | Naughty Grandpa · age_up feudal |
| 13:35 | PhantomWolf · age_up feudal |
| 13:38 | Just_jawad · first_market_buy 100 food |
| 13:43 | Just_jawad · first_market_sell 100 wood |
| 14:02 | Rdot_48em · first_building Barracks |
| 15:26 | Just_chill · age_up feudal |
| 15:31 | Dave · age_up feudal |
| 15:38 | ajax · first_building Barracks |
| 15:45 | ajax · age_up feudal |
| 16:04 | Dave · first_building Barracks |
| 16:08 | Rdot_48em · first_building Stable |
| 16:12 | Just_jawad · age_up castle |
| 16:57 | Dave · first_building Stable |
| 18:57 | PhantomWolf · wall_segment Stone Wall x4 |
| 19:03 | PhantomWolf · wall_segment Stone Wall x5 |
| 20:03 | Rdot_48em · first_building Dock |
| 20:28 | Just_jawad · first_building Monastery |
| 20:37 | Just_chill · age_up castle |
| 20:41 | Naughty Grandpa · first_building Barracks |
| 21:20 | ajax · age_up castle |
| 21:24 | PhantomWolf · wall_segment Stone Wall x1 |
| 21:37 | PhantomWolf · wall_segment Stone Wall x1 |
| 21:48 | ajax · first_building Castle |
| 22:07 | PRAY · age_up castle |
| 22:14 | PRAY · first_building Siege Workshop |
| 22:22 | PhantomWolf · age_up castle |
| 22:47 | Dave · age_up castle |
| 23:16 | ajax · first_building Monastery |
| 23:29 | Naughty Grandpa · first_building Stable |
| 23:50 | PRAY · first_building Monastery |
| 25:30 | Rdot_48em · wall_segment Palisade Wall x71 |
| 25:46 | Just_chill · first_building Stable |
| 27:10 | Just_jawad · wall_segment Stone Wall x3 |
| 27:19 | Rdot_48em · first_building Castle |
| 27:22 | Just_jawad · wall_segment Stone Wall x16 |
| 27:36 | PRAY · first_building Stable |
| 27:40 | PhantomWolf · wall_segment Stone Wall x5 |
| 27:59 | PhantomWolf · wall_segment Stone Wall x2 |
| 28:02 | PhantomWolf · wall_segment Stone Wall x12 |
| 28:03 | PhantomWolf · wall_segment Stone Wall x4 |
| 28:13 | ajax · wall_segment Stone Wall x38 |
| 28:51 | Naughty Grandpa · age_up castle |
| 28:51 | Just_jawad · first_building Castle |
| 29:04 | ajax · first_market_buy 100 food |
| 30:43 | Dave · first_building Castle |
| 30:47 | PhantomWolf · first_building Barracks |
| 31:31 | PhantomWolf · first_building Monastery |
| 32:04 | Dave · first_building Monastery |
| 32:15 | Just_jawad · wall_segment Stone Wall x1 |
| 32:18 | ajax · first_market_sell 100 wood |
| 32:51 | PhantomWolf · wall_segment Stone Wall x9 |
| 32:58 | PhantomWolf · wall_segment Stone Wall x13 |
| 33:04 | PhantomWolf · wall_segment Stone Wall x6 |
| 33:24 | PhantomWolf · wall_segment Stone Wall x9 |
| 33:53 | Just_chill · first_building Castle |
| 33:57 | PRAY · first_building Castle |
| 34:06 | Just_chill · first_building Archery Range |
| 34:44 | Naughty Grandpa · first_building Monastery |
| 34:55 | Just_jawad · first_building Barracks |
| 34:58 | Dave · tribute_sent a jugador 1 |
| 34:58 | Dave · tribute_sent a jugador 2 |
| 34:58 | Dave · tribute_sent a jugador 3 |
| 34:58 | Dave · tribute_sent a jugador 4 |
| 34:58 | Dave · tribute_sent a jugador 6 |
| 34:58 | Dave · tribute_sent a jugador 7 |
| 34:58 | Dave · tribute_sent a jugador 8 |
| 35:15 | Rdot_48em · first_building Siege Workshop |
| 35:35 | ajax · age_up imperial |
| 35:54 | PhantomWolf · wall_segment Stone Wall x12 |
| 36:18 | PhantomWolf · wall_segment Stone Wall x4 |
| 36:25 | Just_chill · age_up imperial |
| 36:45 | PhantomWolf · first_building Castle |
| 36:52 | ajax · wall_segment Stone Wall x16 |
| 36:54 | ajax · wall_segment Stone Wall x6 |
| 36:56 | Just_jawad · age_up imperial |
| 37:08 | PhantomWolf · first_building Siege Workshop |
| 37:16 | PhantomWolf · first_building Archery Range |
| 37:23 | ajax · wall_segment Stone Wall x9 |
| 37:26 | ajax · wall_segment Stone Wall x10 |
| 39:07 | Just_jawad · first_building Siege Workshop |
| 39:30 | Naughty Grandpa · age_up imperial |
| 40:43 | Dave · age_up imperial |
| 41:20 | ajax · wall_segment Stone Wall x16 |
| 42:49 | Rdot_48em · first_building Archery Range |
| 42:59 | PhantomWolf · wall_segment Stone Wall x10 |
| 43:04 | PhantomWolf · wall_segment Stone Wall x14 |
| 44:54 | Just_jawad · first_building Stable |
| 44:55 | PhantomWolf · age_up imperial |
| 45:39 | PhantomWolf · wall_segment Stone Wall x6 |
| 45:45 | PhantomWolf · wall_segment Stone Wall x13 |
| 46:00 | PhantomWolf · wall_segment Stone Wall x16 |
| 46:57 | Just_jawad · tribute_sent a jugador 1 |
| 46:57 | Just_jawad · tribute_sent a jugador 2 |
| 46:57 | Just_jawad · tribute_sent a jugador 3 |
| 46:57 | Just_jawad · tribute_sent a jugador 4 |
| 46:57 | Just_jawad · tribute_sent a jugador 5 |
| 46:57 | Just_jawad · tribute_sent a jugador 6 |
| 46:57 | Just_jawad · tribute_sent a jugador 7 |
| 46:58 | PRAY · age_up imperial |
| 47:04 | Just_chill · first_market_buy 100 stone |
| 48:31 | PhantomWolf · first_market_buy 100 food |
| 48:45 | PhantomWolf · first_market_sell 500 wood |
| 48:57 | PhantomWolf · wall_segment Stone Wall x8 |
| 48:58 | PhantomWolf · wall_segment Stone Wall x3 |
| 50:25 | PhantomWolf · wall_segment Stone Wall x7 |
| 50:36 | PhantomWolf · wall_segment Stone Wall x9 |
| 50:38 | PhantomWolf · wall_segment Stone Wall x12 |
| 50:49 | PhantomWolf · wall_segment Stone Wall x1 |
| 50:53 | PhantomWolf · wall_segment Stone Wall x10 |
| 51:22 | Dave · first_building Dock |
| 52:35 | Dave · tribute_sent a jugador 1 |
| 52:35 | Dave · tribute_sent a jugador 2 |
| 52:35 | Dave · tribute_sent a jugador 3 |
| 52:35 | Dave · tribute_sent a jugador 4 |
| 52:35 | Dave · tribute_sent a jugador 6 |
| 52:35 | Dave · tribute_sent a jugador 7 |
| 52:35 | Dave · tribute_sent a jugador 8 |
| 55:28 | PRAY · first_market_sell 100 wood |
| 56:31 | Rdot_48em · first_market_sell 100 food |
| 59:44 | PRAY · first_market_buy 100 food |
| 61:17 | Dave · first_market_sell 500 wood |
| 61:21 | Dave · first_market_buy 500 food |
| 61:43 | PhantomWolf · wall_segment Stone Wall x4 |
| 61:47 | PhantomWolf · wall_segment Stone Wall x4 |
| 61:51 | PhantomWolf · wall_segment Stone Wall x4 |
| 61:53 | PhantomWolf · wall_segment Stone Wall x4 |
| 66:52 | PhantomWolf · wall_segment Stone Wall x5 |
| 68:35 | ajax · resign |
| 70:14 | PhantomWolf · wall_segment Stone Wall x15 |
| 70:20 | PhantomWolf · wall_segment Stone Wall x8 |
| 70:22 | PhantomWolf · wall_segment Stone Wall x1 |
[ ANÁLISIS IA · 1 CRÉDITO ]
¿Qué pasó realmente en esta partida?
Wolo.gg analiza cada decisión: build order, eco, micro, errores típicos por bracket. Análisis personalizado por WhatsApp o Discord en 30 segundos.
Guía civ
Teutones
Guía mapa
Hill Fort
Perfil
PhantomWolf